 Dungeon Crawl Stone Soup version 0.19-a0-1908-g43c011f (webtiles) character file.

1799 kae the Martial Artist (level 8, -13/67 HPs)
             Began as a Demonspawn Monk on Oct 22, 2016.
             Mangled by azzavlup's ghost (22 damage)
             ... on level 5 of the Dungeon.
             The game lasted 00:07:57 (6567 turns).

kae the Martial Artist (Demonspawn Monk)            Turns: 6567, Time: 00:07:57

Health: -13/67     AC:  6    Str: 11    XL:     8   Next: 83%
Magic:  8/8        EV: 19    Int: 12    God:
Gold:   295        SH:  0    Dex: 27    Spells: 0 memorised, 7 levels left

rFire  . . .     SeeInvis .       - Unarmed
rCold  . . .     Gourm    .     a - +0 robe
rNeg   . . .     Faith    .     (no shield)
rPois  .         Spirit   .     (no helmet)
rElec  .         Reflect  .     (no cloak)
rCorr  .         Harm     .     g - +0 pair of gloves
MR     .....                    l - +2 pair of boots
Stlth  +++++.....               (no amulet)
                                (no ring)
                                q - ring of wizardry

@: agile
A: fangs 1, hooves 1, thin skeletal structure 2, powered by pain 2
a: no special abilities


You were on level 5 of the Dungeon.
You were hungry.

You visited 1 branch of the dungeon, and saw 5 of its levels.
You also visited: Ossuary.

You collected 295 gold pieces.

Inventory:

Armour
 a - a +0 robe (worn)
 g - a +0 pair of gloves (worn)
 l - a +2 pair of boots (worn)
Jewellery
 q - a ring of wizardry (left hand)
Wands
 p - a wand of random effects (5/48)
 v - a wand of teleportation (5/9)
 w - a wand of slowing (12/48)
Scrolls
 d - a scroll of amnesia
 e - 6 scrolls of remove curse
 i - 2 scrolls of enchant armour
Potions
 c - 3 potions of berserk rage {unknown}
 f - 10 potions of curing
 k - a potion of resistance {unknown}
 o - 2 potions of magic
 r - a potion of brilliance
 s - a potion of cancellation
 t - a potion of invisibility {unknown}
 u - 3 potions of flight {unknown}
 x - a potion of ambrosia {unknown}
Books
 h - a book of Maledictions

   Spells                             Type                      Level
   a - Corona                         Hexes                        1
   b - Ensorcelled Hibernation        Hexes/Ice                    2
   c - Confuse                        Hexes                        3
   d - Tukima's Dance                 Hexes                        3
   e - Dazzling Spray                 Conjuration/Hexes            3
Comestibles
 b - 4 bread rations
 m - a meat ration
 n - 3 fruits


   Skills:
 + Level 7.4 Fighting
 - Level 2.6 Dodging
 - Level 1.7 Stealth
 * Level 8.9 Unarmed Combat


You had 7 spell levels left.
You didn't know any spells.

Dungeon Overview and Level Annotations

Branches:
Dungeon (5/15)
 Temple: D:4-7

Altars:
Hepliaklqana
Trog
The Shining One

Annotations:
D:5 azzavlup's ghost, novice TrFi


Innate Abilities, Weirdness & Mutations

You have large cloven feet.
You have a moderately thin skeletal structure. (Dex +4, Stealth+)
You sometimes gain power by taking damage.
You have very sharp teeth.


Message History

Azzavlup's ghost closely misses you.
You hit azzavlup's ghost.
Azzavlup's ghost is severely damaged.
Azzavlup's ghost misses you.
You hit azzavlup's ghost. Your punch misses azzavlup's ghost.
Azzavlup's ghost is severely damaged.
Azzavlup's ghost hits you!!
You are too injured to fight recklessly!
You are too injured to fight recklessly!
You are too injured to fight recklessly!
You are too injured to fight recklessly!
You are too injured to fight recklessly!
You hit azzavlup's ghost. Your punch misses azzavlup's ghost.
Azzavlup's ghost is almost destroyed.
Azzavlup's ghost hits you!!
* * * LOW HITPOINT WARNING * * *
You closely miss azzavlup's ghost.
Azzavlup's ghost is almost destroyed.
Azzavlup's ghost hits you!!
You die...

...# ##....#[########.#.....#
...# ##......## #W##....# ...#
####.......=### #.###.#.# ...#
##....#..###...#####..#..###
...###..####..#####..(..##.#.##
...##..## #[..## #####......#
#####>## #.#..# #.#.#### #.#
#....##########.#..... ####.#
###..@W.........[..... #)...#
##...########....... ##)####
#...# #..#.... ...# #...#
#..##### #### #.$.# #.. # #...#
#.. #.?.# ### #..>#


You could see azzavlup's ghost.

Vanquished Creatures
  Grinder (D:5)
  Eustachio (D:5)
  Duvessa (D:5)
  A sky beast (D:5)
  An ice beast (D:5)
  2 eyes of draining (D:4)
  An elf zombie (Ossuary)
  A bullfrog (D:3)
  Dowan (D:5)
  A howler monkey (D:5)
  A quasit (D:4)
  2 crimson imps (D:5)
  A centaur zombie (Ossuary)
  An orc wizard (D:4)
  2 orc priests (D:4)
  2 centaur skeletons (D:5)
  Ijyb (D:2)
  An iguana (D:5)
  4 worker ants
  A big kobold zombie (Ossuary)
  A hound skeleton (D:3)
  2 mummies (Ossuary)
  A worker ant zombie (D:5)
  8 gnolls
  5 adders
  2 adder zombies (Ossuary)
  3 worms
  3 dart slugs (D:1)
  7 leopard geckos
  22 orcs
  6 giant cockroaches
  14 goblins
  3 hobgoblins
  6 jackals
  5 kobolds
  4 quokkas
  10 bats
  4 frilled lizards
  2 goblin zombies (Ossuary)
  10 hobgoblin zombies (Ossuary)
  2 jackal zombies (Ossuary)
  7 kobold zombies (Ossuary)
  8 orc zombies (Ossuary)
  5 rats
  2 rat zombies (Ossuary)
169 creatures vanquished.

Notes
Turn   | Place    | Note
-------+----------+-------------------------------------------
     0 | D:1      | kae the Demonspawn Monk began the quest for the Orb.
     0 | D:1      | Reached XP level 1. HP: 18/18 MP: 1/1
    18 | D:1      | Reached skill level 3 in Unarmed Combat
    99 | D:1      | Gained mutation: You have a somewhat thin skeletal structure. (Dex +2, Stealth) [demonic ancestry]
    99 | D:1      | Reached XP level 2. HP: 22/24 MP: 2/2
   959 | D:2      | Reached XP level 3. HP: 29/29 MP: 3/3
  1377 | D:2      | Noticed Ijyb
  1406 | D:2      | Killed Ijyb
  1406 | D:2      | Reached skill level 4 in Unarmed Combat
  1406 | D:2      | Gained mutation: You have large cloven feet. [demonic ancestry]
  1406 | D:2      | Reached XP level 4. HP: 29/36 MP: 4/4
  2238 | D:3      | Found a hazy altar of Hepliaklqana.
  2602 | D:3      | Found a glowing golden altar of the Shining One.
  2623 | D:3      | Noticed a bullfrog
  2636 | D:3      | Killed a bullfrog
  2636 | D:3      | Gained mutation: You sometimes gain a little power by taking damage. [demonic ancestry]
  2636 | D:3      | Reached XP level 5. HP: 40/43 MP: 5/5
  2706 | D:3      | Reached skill level 5 in Unarmed Combat
  3386 | D:4      | Noticed an eye of draining
  3409 | D:4      | Gained mutation: You have a moderately thin skeletal structure. (Dex +4, Stealth+) [demonic ancestry]
  3409 | D:4      | Reached XP level 6. HP: 34/49 MP: 0/6
  3474 | D:4      | Found a bloodstained altar of Trog.
  3509 | D:4      | Reached skill level 5 in Fighting
  3892 | D:4      | Reached skill level 6 in Unarmed Combat
  3898 | D:4      | Reached XP level 7. HP: 29/56 MP: 7/7
  4825 | D:5      | Entered Level 5 of the Dungeon
  4825 | D:5      | Noticed Grinder
  4847 | D:5      | Killed Grinder
  4867 | D:5      | Noticed Duvessa
  4870 | D:5      | Noticed Dowan
  4877 | D:5      | Reached skill level 7 in Unarmed Combat
  4925 | D:5      | Killed Duvessa
  4925 | D:5      | Gained mutation: You sometimes gain power by taking damage. [demonic ancestry]
  4925 | D:5      | Reached XP level 8. HP: 47/65 MP: 8/8
  4938 | D:5      | Killed Dowan
  4996 | D:5      | Noticed Eustachio
  4998 | D:5      | Noticed azzavlup's ghost (novice TrFi)
  5179 | D:5      | Found a sand-covered staircase.
  5265 | Ossuary  | Entered an ossuary
  5624 | Ossuary  | Gained mutation: You have very sharp teeth. [potion of beneficial mutation]
  5657 | Ossuary  | Reached skill level 8 in Unarmed Combat
  5738 | Ossuary  | HP: 2/65 [elf zombie (6)]
  6155 | D:5      | Killed Eustachio
  6567 | D:5      | Mangled by azzavlup's ghost

Vault maps used:
D:1:      scummos_arrival_checkerplants, minmay_misc_feat_tiny,
          minmay_misc_feat_four_crosses, st_stairs_1
D:2:      uniq_iyjb
D:3:      lemuel_doored_altar, tso_altar, grunt_decor_one_mirror
D:4:      trog_eyes_of_draining, first_bread
D:5:      nicolae_ossuary_entry_monument, uniq_duvessa, uniq_eustachio,
          uniq_grinder
Ossuary:  ossuary_tomb_1

Skill      XL: |  1  2  3  4  5  6  7  8 |
---------------+-------------------------+-----
Unarmed Combat | 3 4 5 6 7 8 |  8.9
Fighting       | 4 5 6 7 |  7.4
Dodging        | |  2.6
Stealth        | |  1.7

Action                   |  1- 3 |  4- 6 |  7- 9 || total
-------------------------+-------+-------+-------++-------
Melee: Unarmed           |   150 |   231 |   383 ||   764
       Punch             |     4 |     6 |    21 ||    31
       Kick              |       |    25 |       ||    25
       Bite              |       |       |    29 ||    29
Evoke: Wand              |       |       |     1 ||     1
  Use: Potion            |       |     1 |     6 ||     7
       Scroll            |       |       |    10 ||    10
 Stab: Sleeping          |     3 |     8 |     8 ||    19
       Distracted        |       |       |     1 ||     1
  Eat: Chunk             |     2 |     8 |     3 ||    13
       Bread ration      |       |       |     1 ||     1
       Fruit             |       |       |     1 ||     1
Armor: Robe              |    42 |    42 |    85 ||   169
Dodge: Dodged            |   103 |   146 |   256 ||   505
